[ PARTIDA AOE2 · #476746035 ]
Team RMPersas vs Persians
[ ANÁLISIS DE REPETICIÓN · EXTRAÍDO DE LA PARTIDA GRABADA ]
Feudal
—
Castillos
—
Imperial
—
| APM promedio | 27.8 |
| APM pico | 48 |
| eAPM promedio | 13.3 |
| Aldeanos / militares | 5 / 0 |
Foco
⚔️ 0.0% · 🌾 100.0%
Feudal
—
Castillos
—
Imperial
—
| APM promedio | 43.0 |
| APM pico | 50 |
| eAPM promedio | 6.3 |
| Aldeanos / militares | 6 / 0 |
Foco
⚔️ 0.0% · 🌾 100.0%
Feudal
—
Castillos
—
Imperial
—
| APM promedio | 28.9 |
| APM pico | 42 |
| eAPM promedio | 9.0 |
| Aldeanos / militares | 5 / 0 |
Foco
⚔️ 0.0% · 🌾 100.0%
Feudal
—
Castillos
—
Imperial
—
| APM promedio | 27.4 |
| APM pico | 30 |
| eAPM promedio | 5.9 |
| Aldeanos / militares | 4 / 0 |
Foco
⚔️ 0.0% · 🌾 100.0%
Feudal
—
Castillos
—
Imperial
—
| APM promedio | 25.8 |
| APM pico | 39 |
| eAPM promedio | 15.6 |
| Aldeanos / militares | 13 / 0 |
Foco
⚔️ 0.0% · 🌾 100.0%
Feudal
—
Castillos
—
Imperial
—
| APM promedio | 22.3 |
| APM pico | 32 |
| eAPM promedio | 3.5 |
| Aldeanos / militares | 4 / 0 |
Foco
⚔️ 0.0% · 🌾 100.0%
Feudal
—
Castillos
—
Imperial
—
| APM promedio | 72.3 |
| APM pico | 72 |
| eAPM promedio | 7.8 |
| Aldeanos / militares | 7 / 0 |
Foco
⚔️ 0.0% · 🌾 100.0%
Feudal
—
Castillos
—
Imperial
—
| APM promedio | 11.7 |
| APM pico | 13 |
| eAPM promedio | 2.3 |
| Aldeanos / militares | 0 / 0 |
Foco
⚔️ 0.0% · 🌾 100.0%
Mapa de la partida
Recursos iniciales + cada clic de construcción. Líneas = muros · curvas = relieve. ◆ oro · ⬟ piedra · ● bayas · ✦ reliquia · ◌ hueco del cierre
Tu base
Base de Пихал Метрович
Base de FXB.Margret
Base de Kreacher
Base de bartekula
Base de Hedwig
Base de Soufflé
Base de [RidersFromSnowbourn]☸Bhagos☸
Terreno inicial suavizado · ◌ = hueco del cierre detectado · pasá el cursor para detalles
Inputs por minuto
— Benjamin - - Пихал Метрович
Build order — Benjamin
8 acciones detectadas en el replay
| 0:39 | Construir | Town Center |
| 0:44 | Construir | House |
| 0:46 | Construir | House |
| 1:57 | Crear | Villager (Male) |
| 1:57 | Crear | Villager (Male) |
| 1:57 | Crear | Villager (Male) |
| 1:58 | Crear | Villager (Male) |
| 1:59 | Crear | Villager (Male) |
Build order — Пихал Метрович
7 acciones detectadas en el replay
| 0:18 | Construir | Town Center |
| 1:24 | Crear | Villager (Male) |
| 1:24 | Crear | Villager (Male) |
| 1:25 | Crear | Villager (Male) |
| 1:25 | Crear | Villager (Male) |
| 2:05 | Crear | Villager (Male) |
| 2:06 | Crear | Villager (Male) |
Build order — FXB.Margret
7 acciones detectadas en el replay
| 0:10 | Construir | Town Center |
| 1:10 | Crear | Villager (Male) |
| 1:10 | Crear | Villager (Male) |
| 1:29 | Crear | Villager (Male) |
| 1:44 | Construir | Lumber Camp |
| 1:46 | Crear | Villager (Male) |
| 2:05 | Crear | Villager (Male) |
Build order — Kreacher
7 acciones detectadas en el replay
| 0:12 | Construir | Town Center |
| 1:34 | Construir | House |
| 1:37 | Construir | House |
| 1:48 | Crear | Villager (Male) |
| 1:49 | Crear | Villager (Male) |
| 2:14 | Crear | Villager (Male) |
| 2:25 | Crear | Villager (Male) |
Build order — bartekula
12 acciones detectadas en el replay
| 0:09 | Construir | Town Center |
| 1:01 | Construir | House |
| 1:08 | Construir | House |
| 1:08 | Construir | House |
| 1:09 | Construir | House |
| 1:10 | Construir | House |
| 1:11 | Construir | House |
| 1:12 | Construir | House |
| 1:15 | Crear | Villager (Male) ×4 |
| 1:15 | Crear | Villager (Male) ×4 |
| 1:16 | Crear | Villager (Male) ×4 |
| 2:18 | Crear | Villager (Male) |
Build order — Hedwig
5 acciones detectadas en el replay
| 0:11 | Construir | Town Center |
| 2:16 | Crear | Villager (Male) |
| 2:17 | Crear | Villager (Male) |
| 2:17 | Crear | Villager (Male) |
| 2:17 | Crear | Villager (Male) |
Build order — Soufflé
9 acciones detectadas en el replay
| 0:05 | Construir | Town Center |
| 1:06 | Crear | Villager (Male) |
| 1:06 | Crear | Villager (Male) |
| 1:07 | Crear | Villager (Male) |
| 1:07 | Crear | Villager (Male) |
| 1:07 | Crear | Villager (Male) |
| 1:37 | Construir | Lumber Camp |
| 2:13 | Crear | Villager (Male) |
| 2:13 | Crear | Villager (Male) |
Build order — [RidersFromSnowbourn]☸Bhagos☸
1 acciones detectadas en el replay
| 0:24 | Construir | Town Center |
Cronología de la partida
| 2:15 | Benjamin · resign |
[ ANÁLISIS IA · 1 CRÉDITO ]
¿Qué pasó realmente en esta partida?
Wolo.gg analiza cada decisión: build order, eco, micro, errores típicos por bracket. Análisis personalizado por WhatsApp o Discord en 30 segundos.
Guía civ
Persas
Guía mapa
Steppe
Perfil
Jugador #372106